 Dungeon Crawl Stone Soup version 0.27.0-1-g7a089689b8 (webtiles) character file.

Game seed: 5310277718078112387

67 Crownlay the Shield-Bearer (level 4, -4/39 HPs)
             Began as a Hill Orc Fighter on Aug 12, 2021.
             Slain by a gnoll (7 damage)
             ... on level 2 of the Dungeon.
             The game lasted 00:01:10 (770 turns).

Crownlay the Shield-Bearer (Hill Orc Fighter)        Turns: 770, Time: 00:01:11

Health: -4/39      AC:  6    Str: 19    XL:     4   Next: 18%
Magic:  4/4        EV: 13    Int:  8    God:
Gold:   16         SH:  0    Dex: 10    Spells: 3/3 levels left

rFire    . . .     SeeInvis .   a - +0 long sword
rCold    . . .     Faith    .   (no shield)
rNeg     . . .     Spirit   .   b - +0 scale mail
rPois    .         Reflect  .   (no helmet)
rElec    .         Harm     .   (no cloak)
rCorr    .         Rampage  .   (no gloves)
Will     .....                  (no boots)
Stlth    ..........             (no amulet)
HPRegen  0.13/turn              g - +4 ring of evasion
MPRegen  0.09/turn              (no ring)

@: mighty
A: no striking features
a: no special abilities


You were on level 2 of the Dungeon.
You visited 1 branch of the dungeon, and saw 2 of its levels.

You collected 16 gold pieces.

Inventory:

Hand Weapons
 a - a +0 long sword (weapon)
Armour
 b - a +0 scale mail (worn)
 c - a +0 kite shield
Jewellery
 g - a +4 ring of evasion (left hand)
Scrolls
 f - a scroll of identify {unknown}
Potions
 d - a potion of might
 e - a potion of flight {unknown}


   Skills:
 - Level 3.6 Fighting
 - Level 2.1 Long Blades
 - Level 3.2 Armour
 + Level 5.4 Shields


You had 3 spell levels left.
You didn't know any spells.
Your spell library contained the following spells:

 Spells                   Type           Power      Damage    Failure   Level
 Corpse Rot               Necr/Air       N/A        N/A       88%         2
 Ensorcelled Hibernation  Hex/Ice        0%         N/A       88%         2
 Poisonous Vapours        Pois/Air       0%         N/A       88%         2
 Spider Form              Tmut/Pois      0%         N/A       98%         3
 Hailstorm                Conj/Ice       0%         3d3       100%        4
 Ice Form                 Ice/Tmut       0%         N/A       100%        4
 Freezing Cloud           Conj/Ice/Air   0%         6-21      100%        5
 Shadow Creatures         Summ           N/A        N/A       100%        6
 Simulacrum               Ice/Necr       0%         N/A       100%        6


Dungeon Overview and Level Annotations

Branches:
Dungeon (2/15)

Altars:


Message History

You riposte.
You hit the centaur skeleton.
The centaur skeleton is heavily damaged.
The centaur skeleton kicks you but does no damage.
You hit the centaur skeleton.
The centaur skeleton is heavily damaged.
The centaur skeleton barely misses you.
The centaur skeleton closely misses you.
You slash the centaur skeleton!
The centaur skeleton is severely damaged.
The centaur skeleton closely misses you.
The centaur skeleton barely misses you. The gnoll misses you.
The centaur skeleton hits you but does no damage.
The centaur skeleton kicks you but does no damage.
The gnoll barely misses you.
You feel very mighty all of a sudden. The centaur skeleton hits you.
The centaur skeleton misses you.
The gnoll hits you from afar with a +0 spear!
You hit the centaur skeleton.
The centaur skeleton is almost destroyed.
The centaur skeleton completely misses you.
The centaur skeleton kicks you.
The centaur skeleton closely misses you.
The centaur skeleton kicks you but does no damage.
The gnoll hits you from afar with a +0 spear.
You hit the centaur skeleton.
You destroy the centaur skeleton!
The gnoll hits you but does no damage.
Your Shields skill increases to level 5!
You have reached level 4!
The gnoll hits you with a +0 spear.
You slash the gnoll!
You kill the gnoll!
The gnoll throws a throwing net.
The throwing net hits you.
You become entangled in the net!
You tear a large gash into the net.
The gnoll closely misses you.
You riposte.
You barely miss the gnoll.
You struggle against the net.
The gnoll hits you with a +0 flail!
* * * LOW HITPOINT WARNING * * *
You rip the net and break free!
The gnoll hits you with a +0 flail!
You die...

... .# .#####.####.#
#.g.........+
.......#....#
...#####.#### . ##.#
#g.# #g## #@#
#.#.#####.########..
#..>.............(..
#.#.#<....######..
#.....# #..†..#
#.....# #######


You could see 2 gnolls.

Vanquished Creatures
  A centaur skeleton (D:2)
  2 gnolls
  5 bats
  An endoplasm (D:1)
  A giant cockroach (D:1)
  A goblin (D:1)
  A hobgoblin (D:1)
  A kobold (D:1)
  A quokka (D:1)
  5 ball pythons (D:1)
  2 frilled lizards (D:1)
21 creatures vanquished.

Notes
Turn   | Place    | Note
-------+----------+-------------------------------------------
     0 | D:1      | Crownlay the Hill Orc Fighter began the quest for the Orb.
     0 | D:1      | Reached XP level 1. HP: 19/19 MP: 1/1
    28 | D:1      | Reached skill level 4 in Shields
    28 | D:1      | Reached XP level 2. HP: 22/26 MP: 2/2
   133 | D:1      | Found a faded altar of an unknown god.
   215 | D:1      | Reached XP level 3. HP: 22/31 MP: 3/3
   766 | D:2      | Reached skill level 5 in Shields
   766 | D:2      | Reached XP level 4. HP: 16/39 MP: 4/4
   770 | D:2      | Slain by a gnoll

Illustrated notes

Levels and vault maps discovered:
D:1:      lemuel_arrival_muddy, layout_rooms, chequers_ecumenical_altar_twisty,
          minivault_24, bh_walls_and_bars
D:2:      layout_basic

Skill      XL: |  1  2  3 |
---------------+----------+-----
Shields        | 4 5 |  5.4
Fighting       | |  3.6
Long Blades    | |  2.1
Armour         | |  3.2

Action                   |  1- 3 |  4- 6 || total
-------------------------+-------+-------++-------
Melee: Long sword        |    55 |     1 ||    56
  Use: Potion            |     1 |       ||     1
Armor: Scale mail        |    41 |       ||    41
Dodge: Dodged            |    51 |     1 ||    52
       Rpst.: Long sword |    12 |     1 ||    13
